 Dungeon Crawl Stone Soup version 0.31.0-4-g52a2dc7128 (webtiles) character file.

Game seed: 17907376948435432763

8945 Aviak the Thaumaturge (level 11, -1/71 (90) HPs)
             Began as a Mummy Necromancer on Jan 21, 2024.
             Was a Believer of Kikubaaqudgha.
             Slain by a vampire mosquito (2 damage)
             ... on level 11 of the Dungeon.
             The game lasted 00:41:11 (13993 turns).

Aviak the Thaumaturge (Mummy Necromancer)          Turns: 13993, Time: 00:41:11

HP:   -1/71 (90)    AC:  9    Str: 11    XL:     11   Next: 16%
MP:   26/26         EV: 14    Int: 19    God:    Kikubaaqudgha [**....]
Gold: 591           SH:  0    Dex: 13    Spells: 12/32 levels left

rFire   . . .        e - +1 short sword (elec)
rCold   + . .        (no shield)
rNeg    + + +        v - +2 leather armour {rF+}
rPois   ∞            (no helmet)
rElec   .            (no cloak)
rCorr   .            n - +2 pair of gloves
SInv    +            l - +0 pair of boots
Will    +....        (no amulet)
Stlth   ++           Z - ring of see invisible
HPRegen 0.31/turn    (no ring)
MPRegen 0.20/turn

%: faith
@: about to teleport, heavily drained
A: cold resistance 1, negative energy resistance 3, torment resistance 2, heat
vulnerability 1, in touch with death 1, no potions, faith
a: Renounce Religion, Unearth Wretches


You were on level 11 of the Dungeon.
You worshipped Kikubaaqudgha.
Kikubaaqudgha was pleased with you.
You visited 2 branches of the dungeon, and saw 12 of its levels.
You also visited: Ossuary.

You collected 591 gold pieces.

Inventory:

Hand Weapons
 d - a +0 trident of venom
 e - a +1 short sword of electrocution (weapon)
 h - a +1 rapier of venom
 r - a +2 trident of draining
Missiles
 u - 3 throwing nets {!f}
Armour
 a - a +0 robe
 b - +0 acid dragon scales {rCorr}
 l - a +0 pair of boots (worn)
 n - a +2 pair of gloves (worn)
 q - an orb of guile
 v - a +2 leather armour of fire resistance (worn)
Magical Staves
 w - a staff of death {rN+}
Jewellery
 y - a +6 ring of dexterity
 F - a ring of protection from fire
 Z - a ring of see invisible (left hand)
Wands
 m - a wand of roots (13)
 s - a wand of mindburst (8)
Scrolls
 c - 5 scrolls of immolation
 f - a scroll of vulnerability {!r}
 g - 3 scrolls of butterflies
 i - 2 scrolls of identify
 j - 4 scrolls of noise {!r!r}
 k - 2 scrolls of enchant weapon
 o - a scroll of amnesia
 p - 3 scrolls of fear
 t - 4 scrolls of teleportation
 z - a scroll of poison {unknown}


   Skills:
 - Level 10.0 Fighting
 - Level 2.0 Short Blades
 + Level 6.3 Dodging
 - Level 1.5 Stealth
 + Level 11.4 Spellcasting
 - Level 2.0 Conjurations
 - Level 2.0 Summonings
 + Level 7.9 Necromancy


You had 12 spell levels left.
You knew the following spells:

 Your Spells              Type           Power      Damage    Failure   Level
a - Necrotise             Necr           100%       1d9       1%          1
b - Animate Dead          Necr           57%        N/A       3%          4
c - Vampiric Draining     Necr           57%        2d10      1%          3
d - Magic Dart            Conj           72%        1d6       3%          1
e - Call Imp              Summ           36%        N/A       5%          2
f - Curse of Agony        Necr           57%        N/A       9%          5
g - Fugue of the Fallen   Necr           57%        N/A       1%          3
q - Kiss of Death         Conj/Necr      100%       2d13      1%          1

Your spell library contained the following spells:

 Spells                   Type           Power      Damage    Failure   Level
 Cigotuvi's Dreadful Rot  Necr/Alch/Air  62%        N/A       4%          2
 Call Canine Familiar     Summ           18%        N/A       11%         3
 Blink                    Tloc           20%        N/A       13%         2
 Sigil of Binding         Hex            10%        N/A       26%         3
 Dimensional Bullseye     Hex/Tloc       5%         N/A       63%         4
 Olgreb's Toxic Radiance  Alch           10%        N/A       63%         4
 Ozocubu's Refrigeration  Ice            5%         4d8       100%        7
 Discord                  Hex            5%         N/A       100%        8


Dungeon Overview and Level Annotations

Branches:
Dungeon (11/15)            Temple (1/1) D:6            Lair (0/5) D:10
    Orc (0/2) D:10        Ossuary (visited)

Altars:
Ashenzari
Cheibriados
Dithmenos
Fedhas
Gozag
Hepliaklqana
Kikubaaqudgha
Makhleb
Nemelex Xobeh
Okawaru
Qazlal
Ru
Sif Muna
Trog
Uskayaw
Vehumet
Wu Jian
Xom
Yredelemnul

Shops:
D:11 (

Annotations:
D:6 dakkaduck's ghost, novice MiBe


Innate Abilities, Weirdness & Mutations

You are immune to poison.
Your flesh is cold resistant. (rC+)
You are immune to negative energy. (rN+++)
You are immune to unholy pain and torment.
You are vulnerable to heat. (rF-)
You are in touch with the powers of death.
You do not drink.
You have a special connection with the divine. (Faith)


Message History

The roots release their grip on the vampire mosquito. x2
The vampire mosquito bites you.
* * * LOW HITPOINT WARNING * * *
Unknown command.
You hit the vampire mosquito.
The vampire mosquito is heavily damaged.
The vampire mosquito closely misses you.
The vampire mosquito bites you!
* * * LOW HITPOINT WARNING * * *
You can't drink.
You closely miss the vampire mosquito.
The vampire mosquito is heavily damaged.
The vampire mosquito misses you. The vampire mosquito bites you.
* * * LOW HITPOINT WARNING * * *
Unknown command.
Casting: Vampiric Draining (safe; 1% risk of failure)
Confirm with . or Enter, or press ? or * to list all spells.
A tiny devil pulls itself out of the air.
The vampire mosquito closely misses you. x2
Unknown command.
You closely miss the vampire mosquito.
The vampire mosquito is heavily damaged.
The vampire mosquito bites you.
* * * LOW HITPOINT WARNING * * *
Unknown command.
Blink to where?
Press: ? - help, Dir - move target, p - vampire mosquito
As you read the scroll of blinking, it crumbles to dust.
Your cerulean imp barely misses the vampire mosquito.
Your cerulean imp barely misses the vampire mosquito.
As you read the scroll of teleportation, it crumbles to dust.
You feel strangely unstable. The vampire mosquito bites you.
* * * LOW HITPOINT WARNING * * *
The vampire mosquito bites you.
* * * LOW HITPOINT WARNING * * *
The vampire mosquito attacks as it pursues you!
The vampire mosquito bites you but does no damage.
The vampire mosquito bites you.
You die...
Kikubaaqudgha rasps: "You have failed me!
Welcome... oblivion!"

..###'###....y....#
..#.....#......##.##
..#.....#..........#
..#.....#.#######..#
..#.....#.#.....#..#
..#.......#.∩.>.#5.#
).#.....#.#.....#y##
..#.....#.#######y#
..#.....#.......@##
..#.....#.########
#.....#.# #.....#.#
#.....#.# #.# #.#
#.#


You could see 2 vampire mosquitoes and a friendly cerulean imp (summoned).

Vanquished Creatures
  Erica (D:9)
  Maggie (D:6)
  Jeremiah (D:6)
  2 trolls
  Grinder (D:4)
  2 centaur simulacra (D:11)
  A vampire (D:10)
  A wraith (D:9)
  Sigmund (D:5)
  3 wyverns
  Eustachio (Temple)
  3 yaks (D:11)
  4 vampire mosquitoes
  2 steam dragons
  A two-headed ogre zombie (D:10)
  An acid dragon (D:10)
  A water moccasin (D:5)
  An orc warrior (D:6)
  A sky beast (D:7)
  3 ogres
  A centaur (Temple)
  2 phantoms
  An elf zombie (D:7)
  Blork the orc (D:4)
  3 kobold brigands
  3 bullfrogs
  2 elf skeletons (D:7)
  2 scorpions
  2 gnoll sergeants (D:6)
  3 wights (D:9)
  3 killer bees (D:9)
  7 howler monkeys
  A bombardier beetle (D:5)
  5 bullfrog zombies (Ossuary)
  5 hounds
  5 jellies
  2 gnoll boudas (D:6)
  9 orc priests
  2 sleepcaps
  2 human skeletons (D:7)
  8 iguanas
  9 orc wizards
  4 crocodile zombies (Ossuary)
  7 ogre zombies (D:10)
  4 hound zombies (Ossuary)
  5 mummies (Ossuary)
  5 howler monkey zombies (Ossuary)
  9 gnolls (D:6)
  6 adders
  3 shadow imps
  3 white imps
  8 dart slugs
  26 orcs
  4 endoplasms
  3 giant cockroaches
  10 goblins
  4 hobgoblins
  15 kobolds
  2 quokkas (D:1)
  5 ball pythons
  2 ball python zombies (Ossuary)
  3 bats (D:1)
  A frilled lizard (D:1)
  2 gnoll skeletons (D:10)
  5 orc skeletons
  15 orc zombies (D:10)
  5 rats
266 creatures vanquished.

Vanquished Creatures (collateral kills)
  A wyvern (D:9)
  A jelly (D:6)
  A giant cockroach (D:4)
  A ball python (D:1)
  A gnoll skeleton (D:10)
  A kobold (D:9)
  An orc skeleton (D:10)
7 creatures vanquished.

Vanquished Creatures (others)
  3 yak zombies (D:11)
  A bullfrog zombie (D:6)
  An orc wizard (D:9)
  An adder zombie (D:6)
  7 gnoll zombies (D:6)
  3 kobold zombies (D:9)
  12 orc zombies
28 creatures vanquished.

Grand Total: 301 creatures vanquished

Notes
Turn   | Place    | Note
-------+----------+-------------------------------------------
     0 | D:1      | Aviak the Mummy Necromancer began the quest for the Orb.
     0 | D:1      | Reached XP level 1. HP: 13/13 MP: 4/4
    93 | D:1      | Reached skill level 3 in Spellcasting
    97 | D:1      | Reached XP level 2. HP: 19/19 MP: 0/6
   336 | D:1      | Found a faded altar of an unknown god.
   539 | D:1      | Reached XP level 3. HP: 21/24 MP: 1/7
   650 | D:1      | Learned a level 3 spell: Vampiric Draining
  1346 | D:2      | Reached XP level 4. HP: 30/30 MP: 6/9
  2043 | D:3      | Reached skill level 4 in Spellcasting
  2544 | D:4      | Reached skill level 5 in Necromancy
  2544 | D:4      | Reached XP level 5. HP: 15/35 MP: 3/11
  2843 | D:4      | Reached XP level 6. HP: 11/41 MP: 2/13
  2848 | D:4      | Reached skill level 5 in Spellcasting
  3187 | D:4      | Noticed Blork the orc
  3196 | D:4      | Killed Blork the orc
  3416 | D:4      | Noticed Grinder
  3434 | D:5      | Entered Level 5 of the Dungeon
  3575 | D:4      | Killed Grinder
  3576 | D:4      | Reached skill level 6 in Spellcasting
  3576 | D:4      | Reached XP level 7. HP: 46/46 MP: 14/16
  3780 | D:5      | Learned a level 4 spell: Animate Dead
  3782 | D:5      | Learned a level 1 spell: Magic Dart
  4011 | D:6      | Reached skill level 1 in Fighting
  4016 | D:6      | Reached skill level 1 in Conjurations
  4246 | D:5      | Reached skill level 7 in Spellcasting
  4246 | D:5      | Reached XP level 8. HP: 56/56 MP: 8/18
  4410 | D:5      | You fall into a shaft and drop 2 floors!
  4549 | D:7      | Found a sand-covered staircase.
  4585 | D:7      | Reached skill level 8 in Spellcasting
  4646 | Ossuary  | Entered an ossuary
  5154 | Ossuary  | Reached skill level 5 in Fighting
  5260 | Ossuary  | Reached skill level 9 in Spellcasting
  5469 | D:7      | Reached XP level 9. HP: 64/68 MP: 22/22
  5960 | D:6      | Found a staircase to the Ecumenical Temple.
  5966 | D:6      | Noticed Jeremiah
  5973 | Temple   | Entered the Ecumenical Temple
  6073 | Temple   | Learned a level 2 spell: Call Imp
  6198 | D:6      | Noticed Eustachio
  6279 | Temple   | Killed Eustachio
  6280 | Temple   | Reached skill level 1 in Short Blades
  6280 | Temple   | Reached skill level 1 in Summonings
  6492 | D:6      | Killed Jeremiah
  6493 | D:6      | Reached skill level 10 in Spellcasting
  6510 | D:6      | Noticed Maggie
  6523 | D:6      | Killed Maggie
  7038 | D:5      | Found a blossoming altar of Fedhas.
  7305 | D:5      | Noticed Sigmund
  7313 | D:5      | Killed Sigmund
  7848 | D:6      | Found a transporter.
  7876 | D:6      | Found a transporter.
  7884 | D:6      | Reached XP level 10. HP: 58/82 MP: 2/24
  7904 | D:6      | Noticed dakkaduck's ghost (novice MiBe)
  9029 | D:8      | Found a sparkling altar of Nemelex Xobeh.
  9757 | D:9      | Noticed a gargoyle
 10377 | D:9      | Noticed Erica
 10392 | D:10     | Entered Level 10 of the Dungeon
 10435 | D:10     | Learned a level 5 spell: Curse of Agony
 10500 | D:9      | Reached skill level 5 in Dodging
 10850 | D:9      | Killed Erica
 11186 | D:9      | Reached skill level 10 in Fighting
 11187 | D:9      | Found an ancient bone altar of Kikubaaqudgha.
 11195 | D:9      | Became a worshipper of Kikubaaqudgha
 11737 | D:10     | HP: 1/85 [vampire (5)]
 11756 | D:10     | HP: 3/85 [vampire (5)]
 11766 | D:10     | HP: 3/85 [orc wizard/magic dart (3)]
 12079 | D:10     | Found a staircase to the Lair.
 12713 | D:10     | Reached skill level 11 in Spellcasting
 12730 | D:10     | Reached * piety under Kikubaaqudgha
 12730 | D:10     | Received a gift from Kikubaaqudgha
 12750 | D:10     | Learned a level 1 spell: Kiss of Death
 12754 | D:10     | Learned a level 3 spell: Fugue of the Fallen
 12951 | D:10     | Found a staircase to the Orcish Mines.
 12975 | D:10     | Reached XP level 11. HP: 61/90 MP: 26/26
 13358 | D:10     | Reached ** piety under Kikubaaqudgha
 13720 | D:11     | Noticed a boulder beetle
 13918 | D:11     | Found Obubra Ceax's Weapon Boutique.
 13983 | D:11     | HP: 3/71 [vampire mosquito (4)]
 13992 | D:11     | HP: 1/71 [vampire mosquito (3)]
 13993 | D:11     | Slain by a vampire mosquito

Illustrated notes

Levels and vault maps discovered:
D:1:      mainiacjoe_arrival_oval_in_oval, layout_basic,
          ebering_ecumenical_altar_sacrificial
D:2:      layout_loops_corners, chequers_serial_rivers_room_a
D:3:      layout_rooms
D:4:      layout_basic, hangedman_minor_gate_pass, uniq_blork_the_orc,
          uniq_grinder
D:5:      layout_cave_pods, fedhas_altar_3, supply_closet_lemuel, uniq_sigmund
D:6:      layout_basic, minmay_temple_entry_grid, gammafunk_ghost_gnarly_gnolls,
          hangedman_abyss_or_decor_stabs, uniq_eustachio, uniq_jeremiah,
          uniq_maggie
D:7:      layout_loops_ring, nicolae_ossuary_entry_catacombs,
          kennysheep_generic_room_15
D:8:      layout_loops_ring, gammafunk_temple_overflow_statue
D:9:      layout_grid_maze, mainiacjoe_overflow_paths, uniq_erica
D:10:     layout_basic, lair_entry_dummy, zombieorc2_lemuel
D:11:     layout_irregular_city, serial_ice, serial_ice_c, serial_ice_d,
          serial_ice_a, serial_ice_n, portal_ice_cave_entry_pillars_2,
          serial_shops, kennysheep_mini, nicolae_take_the_stairs,
          nicolae_square_shop
Temple:   regret_index_temple_chain_breaker

Skill      XL: |  1  2  3  4  5  6  7  8  9 10 |
---------------+-------------------------------+-----
Spellcasting   | 3 4 6 7 9 10 11 | 11.4
Dodging        | 2 3 4 6 |  6.3
Necromancy     | 5 6 7 |  7.9
Fighting       | 2 5 8 10 | 10.0
Conjurations   | 1 2 |  2.0
Short Blades   | 2 |  2.0
Summonings     | 2 |  2.0
Stealth        | |  1.5

Action                     |  1- 3 |  4- 6 |  7- 9 | 10-12 || total
---------------------------+-------+-------+-------+-------++-------
  Melee: Unarmed           |     1 |       |       |       ||     1
         Short sword       |    17 |    55 |   316 |   230 ||   618
         Dagger            |     3 |       |       |       ||     3
         Punch             |       |       |     6 |     7 ||    13
         Rapier            |       |       |    39 |   175 ||   214
   Cast: Necrotise         |    48 |    57 |    95 |    17 ||   217
         Vampiric Draining |       |    10 |    57 |    55 ||   122
         Magic Dart        |       |       |    18 |     9 ||    27
         Animate Dead      |       |       |     5 |    15 ||    20
         Call Imp          |       |       |     3 |     4 ||     7
         Curse of Agony    |       |       |       |     2 ||     2
         Kiss of Death     |       |       |       |     2 ||     2
  Evoke: Wand              |       |     1 |     2 |    21 ||    24
    Use: Scroll            |       |       |     8 |     8 ||    16
   Stab: Sleeping          |       |     1 |     3 |       ||     4
         Distracted        |       |       |       |     2 ||     2
 Armour: Robe              |     9 |    42 |   216 |       ||   267
         Acid dragon scale |       |       |    36 |    88 ||   124
         Leather armour    |       |       |       |   322 ||   322
  Dodge: Dodged            |    22 |    47 |   249 |   359 ||   677
